 Dungeon Crawl Stone Soup version 0.30-a0-169-g06f667207d (webtiles) character file.

Game seed: 14962913958400541635

108 qw the Chopper (level 4, 0/28 HPs)
             Began as a Gargoyle Fighter on Sept 30, 2022.
             Slain by Duvessa
             ... wielding a +0 short sword
              (3 damage)
             ... on level 4 of the Dungeon.
             The game lasted 00:00:57 (2843 turns).

qw the Chopper (Gargoyle Fighter)                   Turns: 2843, Time: 00:00:57

Health: 0/28       AC: 19    Str: 21    XL:     4   Next: 87%
Magic:  4/4        EV:  7    Int:  9    God:
Gold:   176        SH:  4    Dex:  9    Spells: 3/3 levels left

rFire   . . .      SeeInvis .    Y - +0 war axe
rCold   . . .      Faith    .    c - +0 buckler
rNeg    + . .      Spirit   .    j - +1 chain mail {Will+}
rPois   inf        Reflect  .    l - +0 helmet
rElec   +          Harm     .    f - +2 cloak
rCorr   .          Rampage  .    h - +0 pair of gloves
Will    +....                    (no boots)
Stlth   ..........               (no amulet)
HPRegen 0.09/turn                (no ring)
MPRegen 0.09/turn                (no ring)

@: no status effects
A: sickness immunity, AC +3, negative energy resistance 1, electricity
resistance, torment resistance 1, petrification resistance
a: no special abilities


You were on level 4 of the Dungeon.
You visited 1 branch of the dungeon, and saw 4 of its levels.

You collected 176 gold pieces.


Innate Abilities, Weirdness & Mutations

You are immune to sickness and miasma.
Your stone body is resilient. (AC +3)
You are immune to poison.
You resist negative energy. (rN+)
You are resistant to electric shocks. (rElec)
You are resistant to unholy torment.
You are immune to petrification.


   Skills:
 - Level 3.2 Fighting
 + Level 4.4 Axes
 - Level 3.2 Armour
 - Level 3.2 Shields


You had 3 spell levels left.
You didn't know any spells.
Your spell library was empty.

Inventory:

Hand Weapons
 e - a +0 flail
 Y - a +0 war axe (weapon)
Armour
 c - a +0 buckler (worn)
 f - a +2 cloak (worn)
 h - a +0 pair of gloves (worn)
 j - a +1 chain mail of willpower (worn)
 l - a +0 helmet (worn)
Scrolls
 a - a scroll of identify
 b - a scroll of silence {unknown}
 g - a scroll of poison {unknown}
 q - a scroll of vulnerability {unknown}
Potions
 d - 2 potions of might
 i - a potion of attraction {unknown}
 k - a potion of ambrosia {unknown}
 m - 2 potions of mutation {unknown}
 n - a potion of flight {unknown}
 o - a potion of lignification {unknown}
 p - a potion of curing {unknown}

Dungeon Overview and Level Annotations

Branches:
Dungeon (4/15)
 Temple: D:4-7

Altars:

Annotations:
D:4 Dowan, Duvessa


Message History

Duvessa shouts!
Dowan, Brother of Duvessa comes into view.
He is wielding a +0 dagger.
You block Duvessa's attack.
You hit Duvessa.
Duvessa is lightly wounded.
Duvessa closely misses you. Duvessa hits you with a +0 short sword.
You hit Duvessa but do no damage.
Duvessa is lightly wounded.
Duvessa hits you but does no damage.
You closely miss Duvessa.
Duvessa is lightly wounded.
Duvessa hits you with a +0 short sword.
You hit Duvessa but do no damage.
Duvessa is lightly wounded.
Duvessa hits you but does no damage.
Dowan casts a spell at Duvessa.
Duvessa seems to speed up.
Duvessa hits you but does no damage.
You barely miss Duvessa.
Duvessa is lightly wounded.
Duvessa hits you but does no damage.
You barely miss Duvessa.
Duvessa is lightly wounded.
Duvessa hits you but does no damage. Duvessa hits you with a +0 short sword!
You hit Duvessa.
Duvessa is lightly wounded.
Duvessa hits you but does no damage. Duvessa barely misses you.
You hit Duvessa but do no damage.
Duvessa is lightly wounded.
Duvessa says, "My weaknesses are his strengths!"
Duvessa hits you with a +0 short sword!
Dowan casts a spell.
Dowan blinks!
Duvessa hits you with a +0 short sword.
You barely miss Duvessa.
Duvessa is lightly wounded.
Duvessa hits you but does no damage. You block Duvessa's attack.
You slash Duvessa!
Duvessa is heavily wounded.
Duvessa hits you with a +0 short sword. Duvessa barely misses you.
Duvessa hits you with a +0 short sword.
You die...

###.# #.# #.# #.# ########
#.# #.# #...<..# #.# #.#
#.####.# #.# #.# #.# #.# #.#
#.# #.####.#######.#
#########.####.#............#
..........ee@....##########.#
#########.######.# #.# #.##
#.### #.# ##..#####...# #.#
#.#.#.#.#.#.#.#.## #:#
................># #..
#.#.#.#.#.#.#.#.## ###
................#
#.#.#.#.#.#.#.#.##


You could see Duvessa (fast) and Dowan.

Vanquished Creatures
  A hound (D:4)
  2 adders
  2 worms
  2 dart slugs
  An orc (D:2)
  5 ball pythons
  6 endoplasms
  3 giant cockroaches
  2 goblins
  3 hobgoblins
  4 quokkas
  6 bats
  8 frilled lizards
  2 kobolds
  4 rats (D:1)
51 creatures vanquished.

Vanquished Creatures (others)
  6 plants (D:3)
6 creatures vanquished.

Grand Total: 57 creatures vanquished

Notes
Turn   | Place    | Note
-------+----------+-------------------------------------------
     0 | D:1      | qw the Gargoyle Fighter began the quest for the Orb.
     0 | D:1      | Reached XP level 1. HP: 14/14 MP: 1/1
     0 | D:1      | 0 ||| qw: Version: 0.2-a-12-gaebbb33
     0 | D:1      | 0 ||| qw: Game counter: 1419
     0 | D:1      | 0 ||| qw: Always use a shield: true
     0 | D:1      | 0 ||| qw: God list: Okawaru
     0 | D:1      | 0 ||| qw: Allow faded altars: false
     0 | D:1      | 0 ||| qw: Do Orc after D:15 true
     0 | D:1      | 0 ||| qw: Do second Lair branch before Depths: true
     0 | D:1      | 0 ||| qw: Lair rune preference: random
     0 | D:1      | 0 ||| qw: Plans: Normal, Zot:1-4, God:TSO, Crypt, Tomb,
                  | Pan, Slime:5, Hells, Abyss, Orb
     0 | D:1      | 0 ||| PLANNING D:1-11
    13 | D:1      | Found a faded altar of an unknown god.
    28 | D:1      | Reached skill level 2 in Axes
   248 | D:1      | Reached XP level 2. HP: 19/19 MP: 2/2
   294 | D:1      | 294 ||| Stepping ~*~*~tactically~*~*~ (hiding).
   942 | D:1      | Reached skill level 3 in Axes
  1108 | D:1      | 1108 ||| READING scroll labelled OSIOPT KOYRGH.
  1109 | D:1      | 1109 ||| READING scroll labelled EPIMIVVUXA.
  1144 | D:1      | 1144 ||| READING scroll labelled YMOFOY MEODOFF.
  1147 | D:1      | 1147 ||| READING scroll labelled AQYGIP RAIHI.
  1173 | D:2      | Reached XP level 3. HP: 23/23 MP: 3/3
  1698 | D:2      | 1698 ||| UPGRADING to +0 pair of gloves.
  1703 | D:2      | 1703 ||| UPGRADING to +0 helmet.
  1708 | D:2      | 1708 ||| DROPPING amulet of magic regeneration.
  1709 | D:2      | 1709 ||| READING 2 scrolls labelled ULAUS ICVAFEU.
  1710 | D:2      | 1710 ||| READING 3 scrolls labelled KAUCO VYGHAKEU.
  1711 | D:2      | 1711 ||| READING 2 scrolls labelled LEEQOYNOIB.
  1712 | D:2      | 1712 ||| DROPPING 2 scrolls of noise.
  1713 | D:2      | 1713 ||| DROPPING scroll of blinking.
  1735 | D:3      | 1735 ||| STAIRDANCE
  1769 | D:3      | 1769 ||| STAIRDANCE
  1838 | D:2      | 1838 ||| DROPPING +0 club.
  1842 | D:3      | 1842 ||| STAIRDANCE
  1878 | D:3      | 1878 ||| STAIRDANCE
  1916 | D:3      | 1916 ||| STAIRDANCE
  2116 | D:3      | 2116 ||| Stepping ~*~*~tactically~*~*~ (stealth).
  2119 | D:3      | 2119 ||| Stepping ~*~*~tactically~*~*~ (stealth).
  2140 | D:3      | Reached XP level 4. HP: 14/28 MP: 4/4
  2439 | D:3      | 2439 ||| UPGRADING to +2 cloak.
  2444 | D:3      | 2444 ||| UPGRADING to +1 chain mail of willpower.
  2454 | D:3      | 2454 ||| DROPPING +0 scale mail.
  2455 | D:3      | 2455 ||| DRINKING 2 blue potions.
  2456 | D:3      | 2456 ||| DROPPING potion of brilliance.
  2482 | D:4      | 2482 ||| DROPPING +1 mace of protection.
  2502 | D:4      | Reached skill level 4 in Axes
  2510 | D:4      | 2510 ||| Stepping ~*~*~tactically~*~*~ (stealth).
  2657 | D:4      | 2657 ||| Stepping ~*~*~tactically~*~*~ (stealth).
  2831 | D:4      | Noticed Duvessa
  2832 | D:4      | Noticed Dowan
  2841 | D:4      | HP: 5/28 [Duvessa/+0 short sword (8)]
  2843 | D:4      | Slain by Duvessa

Levels and vault maps discovered:
D:1:      dpeg_arrival_simpleton_c, layout_loops_corners,
          shapermc_ecumenical_altar_starsandcircs
D:2:      layout_rooms
D:3:      minmay_spotlight, layout_basic, minmay_lizard_king
D:4:      layout_loops_ring, st_stairs_13, amcnicky_mini_rare_corridor_liquid,
          small_statue_intersection, uniq_blork_the_orc, uniq_duvessa

Skill      XL: |  1  2  3  4 |
---------------+-------------+-----
Axes           | 2 3 4 |  4.4
Fighting       | |  3.2
Armour         | |  3.2
Shields        | |  3.2

Action                   |  1- 3 |  4- 6 || total
-------------------------+-------+-------++-------
Melee: War axe           |   119 |    31 ||   150
  Use: Scroll            |     7 |       ||     7
       Potion            |       |     1 ||     1
Armor: Scale mail        |    55 |       ||    55
       Chain mail        |       |    28 ||    28
Dodge: Dodged            |    64 |    10 ||    74
Block: Buckler           |    20 |    12 ||    32

Table legend:
 A = Non-vault XP
 B = Vault XP
 C = Vault XP percentage of total XP
 D = Non-vault monster count
 E = Vault monster count
 F = Vault count percentage of total count
                 A         B        C        D         E       F
            +---------+---------+-------+---------+---------+-------
      Total |     136 |      19 |  12.3 |      39 |      12 |  23.5
            +---------+---------+-------+---------+---------+-------
        D:1 |      30 |       0 |   0.0 |      20 |       0 |   0.0
        D:2 |      34 |       3 |   8.1 |       9 |       3 |  25.0
        D:3 |       6 |      14 |  70.0 |       3 |       8 |  72.7
        D:4 |      66 |       2 |   2.9 |       7 |       1 |  12.5
            +---------+---------+-------+---------+---------+-------
